 Dungeon Crawl Stone Soup version 0.20.1-1-g8b1a95d (webtiles) character file.

7 Asderaxe the Grave Robber (level 2, 0/20 HPs)
             Began as a Ghoul Necromancer on July 30, 2017.
             Slain by a dart slug (2 damage)
             ... on level 1 of the Dungeon.
             The game lasted 00:06:35 (215 turns).

Asderaxe the Grave Robber (Ghoul Necromancer)        Turns: 215, Time: 00:06:36

Health: 0/20       AC:  2    Str: 11    XL:     2   Next: 4%
Magic:  3/3        EV: 12    Int: 10    God:
Gold:   0          SH:  0    Dex:  9    Spells: 2/4 levels left

rFire    . . .     SeeInvis .   (no weapon)
rCold    + . .     Gourm    .   (no shield)
rNeg     + + +     Faith    .   a - +0 robe
rPois    ∞         Spirit   .   (no helmet)
rElec    .         Reflect  .   (no cloak)
rCorr    .         Harm     .   (no gloves)
MR       .....                  (no boots)
Stlth    ++........             (no amulet)
Regen    0.0/turn               (no ring)
MPRegen  0.1/turn               (no ring)

@: rotting
A: rotting body, claws 1, carnivore 3, cold resistance 1, negative energy
resistance 3, inhibited regeneration, torment resistance, unbreathing
a: no special abilities


You were on level 1 of the Dungeon.
You were not hungry.

You visited 1 branch of the dungeon, and saw 1 of its levels.

Inventory:

Armour
 a - a +0 robe (worn)
 f - a +0 ring mail
Scrolls
 e - 2 scrolls of remove curse
Books
 b - a book of Necromancy

   Spells                             Type                      Level
   a - Pain                           Necromancy                   1
   b - Animate Skeleton               Necromancy                   1
   c - Vampiric Draining              Necromancy                   3
   d - Regeneration                   Charms/Necromancy            3
   e - Animate Dead                   Necromancy                   4
   f - Control Undead                 Necromancy                   4
Comestibles
 c - a meat ration
 d - a chunk of flesh


   Skills:
 + Level 1.7 Dodging
 + Level 2.2 Stealth
 + Level 0.2 Unarmed Combat
 + Level 1.8 Spellcasting
 + Level 4.3 Necromancy


You had 2 spell levels left.
You knew the following spells:

 Your Spells              Type           Power        Failure   Level  Hunger
a - Pain                  Necr           #...         5%          1    ##.....
b - Animate Skeleton      Necr           N/A          5%          1    ##.....


Dungeon Overview and Level Annotations

Branches:
Dungeon (1/15)

Altars:


Innate Abilities, Weirdness & Mutations

Your body is rotting away.
You thrive on raw meat.
You are immune to poison.
You have sharp fingernails.
You are carnivorous and can eat meat at any time.
Your flesh is cold resistant. (rC+)
You are immune to negative energy. (rN+++)
You do not regenerate when monsters are visible.
You are immune to unholy pain and torment.
You can survive without breathing.


Message History

There are no items here.
As you open the door, it creaks loudly!
There is an open door here.
You open the door.
There is an open door here.
The dart slug launches a dart at you. The slug dart hits you!
* * * LOW HITPOINT WARNING * * *
You scratch the dart slug but do no damage.
The dart slug misses you.
You scratch the dart slug.
The dart slug is lightly wounded.
The bat hits you but does no damage. The dart slug closely misses you.
You scratch the bat.
The bat is heavily wounded.
The bat closely misses you.
You scratch the dart slug.
The dart slug is moderately wounded.
The bat barely misses you. The dart slug bites you.
You die...

..............+
#..#.............#..# .
#..#...###.......#..# . #.#
#.$..#..#..#........##. #.#
...###...###..)# #.#.. #.#
##+#..#..#..#....# #.... #.#
#.......###......# #....
###. #.# #....b..# ##.....#
#w#.# .... #.#
#......@###...'### #.#w#
###. #.# #.....#.w#..#..#
#.#b# #.##
#.###....###...###.#####w#.#
#..
#......#..#..#..#....bb..#.#
#.#
#.##.####...###...########.#
#.####.##....##.## ##### .#
....##)###.#....#
###.##'###'##.###
#.#≈.≈≈≈.≈#.#


You could see a dart slug and a bat.

Vanquished Creatures
  A goblin (D:1)
  A hobgoblin (D:1)
  2 kobolds (D:1)
  A frilled lizard (D:1)
  2 rats (D:1)
7 creatures vanquished.

Notes
Turn   | Place    | Note
-------+----------+-------------------------------------------
     0 | D:1      | Asderaxe the Ghoul Necromancer began the quest for the Orb.
     0 | D:1      | Reached XP level 1. HP: 14/14 MP: 2/2
    19 | D:1      | Learned a level 1 spell: Animate Skeleton
   123 | D:1      | Reached XP level 2. HP: 9/20 MP: 3/3
   215 | D:1      | Slain by a dart slug

Action                   || total
-------------------------++-------
Melee: Unarmed           ||    28
 Cast: Pain              ||     1
       Animate Skeleton  ||     1
  Use: Scroll            ||     2
  Eat: Chunk             ||     1
Armor: Robe              ||     5
Dodge: Dodged            ||    23
